 Dungeon Crawl Stone Soup version 0.31-a0-175-g9f7f995f2b (webtiles) character file.

Game seed: 17119791978021697733

173 qw the Shooter (level 5, -2/32 HPs)
             Began as a Gargoyle Hunter on June 16, 2023.
             Killed from afar by an orc wizard (8 damage)
             ... with a puff of flame
             ... on level 3 of the Dungeon.
             The game lasted 00:00:54 (2066 turns).

qw the Shooter (Gargoyle Hunter)                    Turns: 2066, Time: 00:00:54

Health: -2/32      AC:  9    Str: 14    XL:     5   Next: 53%
Magic:  5/5        EV: 11    Int: 10    God:
Gold:   78         SH:  0    Dex: 15    Spells: 4/4 levels left

rFire   . . .        Y - +0 shortbow
rCold   . . .        (shield currently unavailable)
rNeg    + . .        k - +0 ring mail
rPois   inf          (no helmet)
rElec   +            (no cloak)
rCorr   .            (no gloves)
SInv    .            (no boots)
Will    .....        (no amulet)
Stlth   +            (no ring)
HPRegen 0.25/turn    (no ring)
MPRegen 0.09/turn

%: no passive effects
@: about to teleport
A: sickness immunity, AC +4, negative energy resistance 1, electricity
resistance, torment resistance 1, petrification resistance
a: no special abilities


You were on level 3 of the Dungeon.
You visited 1 branch of the dungeon, and saw 3 of its levels.

You collected 78 gold pieces.


Innate Abilities, Weirdness & Mutations

You are immune to sickness and miasma.
Your stone body is resilient. (AC +4)
You are immune to poison.
You resist negative energy. (rN+)
You are resistant to electric shocks. (rElec)
You are resistant to unholy torment.
You are immune to petrification.


   Skills:
 - Level 3.2 Fighting
 + Level 5.9 Ranged Weapons
 - Level 1.6 Armour
 - Level 1.5 Dodging
 - Level 1.1 Stealth


You had 4 spell levels left.
You didn't know any spells.
Your spell library was empty.

Inventory:

Hand Weapons
 Y - a +0 shortbow (weapon)
Armour
 k - a +0 ring mail (worn)
Jewellery
 i - a ring of fire
Scrolls
 a - 2 scrolls of identify
 b - a scroll of poison {unknown}
Potions
 d - a potion of enlightenment {unknown}
 e - a potion of invisibility {unknown}
 g - a potion of heal wounds {unknown}
 h - a potion of brilliance {unknown}
 j - a potion of haste {unknown}

Dungeon Overview and Level Annotations

Branches:
Dungeon (3/15)

Altars:


Message History

You kill the orc!
You shoot an arrow. The arrow hits the orc!
You kill the orc!
The orc wizard zaps a wand.
The puff of flame hits you.
You shoot an arrow.
The arrow closely misses the orc wizard.
The orc wizard zaps a wand.
The puff of flame hits you!
The orc wizard gestures at you while chanting.
The magic dart hits you.
2038 ||| FLEEEEING.
2039 ||| FLEEEEING.
2043 ||| FLEEEEING.
2044 ||| FLEEEEING.
2045 ||| FLEEEEING.
The orc wizard zaps a wand.
The puff of flame hits you!
2046 ||| FLEEEEING.
The orc wizard casts a spell at you. The magic dart hits you.
2047 ||| FLEEEEING.
2048 ||| FLEEEEING.
Enter note: You start resting.
An orc wizard is nearby!
You shoot an arrow.
The arrow hits the orc wizard but does no damage.
The orc wizard is heavily wounded.
You shoot an arrow.
The arrow closely misses the orc wizard.
The orc wizard completely misses you.
You shoot an arrow. The arrow hits the orc wizard.
The orc wizard is severely wounded.
The orc wizard hits you from afar with a +0 glaive!
2065 ||| READING scroll of teleportation.
As you read the scroll of teleportation, it crumbles to dust.
You feel strangely unstable. The orc wizard closely misses you.
You shoot an arrow. The arrow barely misses the orc wizard.
The orc wizard barely misses you.
The orc wizard zaps a wand.
The puff of flame hits you!
You die...

########.# ########.#
o........# #######.)#
######..###### ####
#....%.......# #..
#.####..####.# #.#
#..# #.###.# #..#
#.o.@.# #..# #####.#
...# #.#####.##
##.#########........#
............####.#.#
#. ########.# #.# #.#
#.#


You could see an orc wizard.

Vanquished Creatures
  An iguana (D:3)
  3 gnolls (D:2)
  5 adders
  A worm (D:2)
  A dart slug (D:1)
  4 orcs (D:3)
  3 bats
  4 endoplasms (D:1)
  2 giant cockroaches (D:1)
  7 goblins
  5 hobgoblins
  2 jackals (D:1)
  3 quokkas
  10 ball pythons
  2 frilled lizards (D:3)
  6 kobolds
  7 rats
66 creatures vanquished.

Notes
Turn   | Place    | Note
-------+----------+-------------------------------------------
     0 | D:1      | qw the Gargoyle Hunter began the quest for the Orb.
     0 | D:1      | Reached XP level 1. HP: 12/12 MP: 1/1
     0 | D:1      | 0 ||| qw: Version: 0.2-a-29-g511e9b1
     0 | D:1      | 0 ||| qw: Game counter: 5661
     0 | D:1      | 0 ||| qw: Always use a shield: true
     0 | D:1      | 0 ||| qw: God list: Okawaru
     0 | D:1      | 0 ||| qw: Allow faded altars: false
     0 | D:1      | 0 ||| qw: Do Orc after D:15 true
     0 | D:1      | 0 ||| qw: Do second Lair branch before Depths: true
     0 | D:1      | 0 ||| qw: Lair rune preference: random
     0 | D:1      | 0 ||| qw: Plans: Normal, Zot:1-4, Slime:5, God:TSO, Crypt,
                  | Tomb, Abyss, Pan, Hells, Win
     0 | D:1      | 0 ||| PLANNING D:1-11
    98 | D:1      | Reached XP level 2. HP: 17/17 MP: 2/2
   301 | D:1      | Reached XP level 3. HP: 21/21 MP: 3/3
   319 | D:1      | Reached skill level 5 in Ranged Weapons
   781 | D:1      | 781 ||| READING 2 scrolls labelled HEIGUI VYORERO.
   782 | D:1      | 782 ||| READING scroll labelled PIENGA LIDIX.
   783 | D:1      | 783 ||| DROPPING scroll of butterflies.
   827 | D:2      | Reached skill level 3 in Fighting
   853 | D:2      | Reached XP level 4. HP: 28/28 MP: 4/4
  1199 | D:2      | Found a faded altar of an unknown god.
  1439 | D:2      | Reached XP level 5. HP: 10/32 MP: 5/5
  1736 | D:2      | 1736 ||| UPGRADING to +0 ring mail.
  1746 | D:2      | 1746 ||| DROPPING +0 leather armour.
  1747 | D:2      | 1747 ||| READING scroll labelled EHENIYKLATS.
  1748 | D:2      | 1748 ||| READING scroll labelled DOSEPAHESU.
  1803 | D:3      | Reached skill level 1 in Armour
  2038 | D:3      | 2038 ||| FLEEEEING.
  2039 | D:3      | 2039 ||| FLEEEEING.
  2043 | D:3      | 2043 ||| FLEEEEING.
  2044 | D:3      | 2044 ||| FLEEEEING.
  2045 | D:3      | 2045 ||| FLEEEEING.
  2046 | D:3      | 2046 ||| FLEEEEING.
  2047 | D:3      | 2047 ||| FLEEEEING.
  2048 | D:3      | 2048 ||| FLEEEEING.
  2064 | D:3      | HP: 6/32 [orc wizard/+0 glaive (12)]
  2065 | D:3      | 2065 ||| READING scroll of teleportation.
  2066 | D:3      | Killed from afar by an orc wizard

Levels and vault maps discovered:
D:1:      elethiomel_arrival_infinity_welcomes_careful_drivers, layout_rooms,
          minmay_misc_feat_four_crosses, amcnicky_mini_pool_small,
          nrook_mini_vaults
D:2:      layout_basic, hellmonk_ecumenical_altar_arch_garden
D:3:      layout_loops_ring, corner_web_ring

Skill      XL: |  1  2  3  4  5 |
---------------+----------------+-----
Ranged Weapons | 5 |  5.9
Fighting       | 3 |  3.2
Armour         | 1 |  1.6
Dodging        | |  1.5
Stealth        | |  1.1

Action                     |  1- 3 |  4- 6 || total
---------------------------+-------+-------++-------
   Fire: Shortbow          |   116 |   118 ||   234
    Use: Scroll            |     2 |     3 ||     5
 Armour: Leather armour    |    25 |    13 ||    38
         Ring mail         |       |     9 ||     9
  Dodge: Dodged            |    32 |    42 ||    74

Table legend:
 A = Non-vault XP
 B = Vault XP
 C = Vault XP percentage of total XP
 D = Non-vault monster count
 E = Vault monster count
 F = Vault count percentage of total count
                 A         B        C        D         E       F
            +---------+---------+-------+---------+---------+-------
      Total |     248 |       0 |   0.0 |      66 |       0 |   0.0
            +---------+---------+-------+---------+---------+-------
        D:1 |      53 |       0 |   0.0 |      30 |       0 |   0.0
        D:2 |     126 |       0 |   0.0 |      23 |       0 |   0.0
        D:3 |      69 |       0 |   0.0 |      13 |       0 |   0.0
            +---------+---------+-------+---------+---------+-------
